 Dungeon Crawl Stone Soup version 0.16.2-12-gd0ad4c3 (webtiles) character file.

58648 schauveau the Geomancer (level 14, -5/88 HPs)
             Began as a Gargoyle Earth Elementalist on Oct 30, 2015.
             Was a High Priest of Vehumet.
             Killed by the air
             ... invoked by Gastronok
              (31 damage)
             ... on level 1 of the Orcish Mines on Oct 31, 2015.
             The game lasted 02:10:19 (24601 turns).

schauveau the Geomancer (GrEE)                     Turns: 24601, Time: 02:10:19

Health: -5/88      AC: 26    Str: 15    XL:     14   Next: 91%
Magic:  26/41      EV: 15    Int: 21    God:    Vehumet [*****.]
Gold:   1397       SH:  0    Dex: 12    Spells: 8 memorised, 4 levels left

rFire  . . .     SeeInvis .     a - +5 flail (elec)
rCold  . . .     Clarity  +     c - +1 robe
rNeg   + + .     SustAb   .     (no shield)
rPois  ∞         Gourm    .     K - +2 helmet
rElec  +         Spirit   .     B - +2 cloak
rCorr  .         Warding  .     u - +2 pair of gloves
rMut   .         Stasis   .     (no boots)
MR     +....                    x - amulet of clarity
Stlth  +++.......               f - ring "Psablod" {rN+ MP+9 Str+3 Stlth+}
                                w - +5 ring of protection

@: flying, slowed, very slow, somewhat resistant to hostile enchantments, fairly
stealthy
A: able to fly continuously, big wings, agile 1, negative energy resistance 1,
electricity resistance, unbreathing, petrification resistance, rot immunity, AC
+9
a: Stop Flying, Renounce Religion


You were on level 1 of the Orcish Mines.
You worshipped Vehumet.
Vehumet was extremely pleased with you.
You were not hungry.

You visited 4 branches of the dungeon, and saw 20 of its levels.

You collected 1397 gold pieces.

Inventory:

Hand weapons
 a - a +5 flail of electrocution (weapon)
 m - the cursed +1 falchion of Chiczah {slice, +Inv rElec Dex-3, unknown}
   (You found it on level 8 of the Lair of Beasts)

   It inflicts extra damage upon your enemies.
   It affects your dexterity (-3).
   It insulates you from electricity.
   It lets you turn invisible.
   It has a curse placed upon it.
 z - a +4 morningstar of draining
 D - a +1 flail of holy wrath
Missiles
 b - 174 stones (quivered)
Armour
 c - a +1 robe (worn)
 u - a +2 pair of gloves (worn)
 B - a +2 cloak (worn)
 K - a +2 helmet (worn)
Magical staves
 e - an uncursed staff of wizardry
 Q - an uncursed staff of conjuration
 X - an uncursed staff of fire
Jewellery
 f - the ring "Psablod" (right hand) {rN+ MP+9 Str+3 Stlth+}
   (You found it on level 8 of the Lair of Beasts)

   [ring of positive energy]

   It affects your strength (+3).
   It protects you from negative energy.
   It affects your magic capacity (+9).
   It makes you more stealthy.
 j - an uncursed amulet of rage
 p - an uncursed ring of sustain abilities
 s - an uncursed ring of see invisible
 w - a +5 ring of protection (left hand)
 x - an amulet of clarity (around neck)
 G - an uncursed ring of fire
 L - an uncursed ring of teleportation
 M - a +2 ring of protection
Magical devices
 y - a wand of lightning (5)
 Y - a wand of fire (5)
Scrolls
 i - a scroll of blinking
 F - 6 scrolls of teleportation
 I - a scroll of fog
 N - 2 scrolls of recharging
 P - 2 scrolls of fear
Potions
 d - 2 potions of brilliance
 h - 6 potions of haste
 o - 3 potions of magic
 t - a potion of curing
 v - a potion of invisibility {unknown}
 A - 5 potions of heal wounds
 E - a potion of cancellation
 W - a potion of ambrosia {unknown}
Comestibles
 J - 15 fruits


   Skills:
 + Level 10.5 Fighting
 + Level 9.2 Maces & Flails
 + Level 7.6 Dodging
 - Level 2.1 Stealth
 + Level 10.1 Spellcasting
 + Level 8.2 Conjurations
 - Level 3.4 Transmutations
 + Level 9.7 Fire Magic
 + Level 13.0 Earth Magic
 - Level 5.4 Evocations


You had 4 spell levels left.
You knew the following spells:

 Your Spells              Type           Power        Failure   Level  Hunger
a - Stone Arrow           Conj/Erth      ######       1%          3    None
b - Lee's Rapid Deconstr  Erth           ######....   1%          5    ####...
c - Stoneskin             Trmt/Erth      #####...     1%          2    None
d - Fireball              Conj/Fire      #####.....   1%          5    ####...
e - Sticky Flame          Conj/Fire      #####...     1%          4    ##.....
f - Conjure Flame         Conj/Fire      #####...     1%          3    None
g - Sandblast             Erth           ######       1%          1    None
z - Iron Shot             Conj/Erth      ######....   4%          6    ######.


Dungeon Overview and Level Annotations

Branches:
Dungeon (10/15)            Temple (1/1) D:5            Lair (8/8) D:9
  Snake (0/5) Lair:6        Slime (0/6) Lair:7          Orc (1/4) D:9
  Swamp: Lair:3-6    Shoals: Lair:3-6

Altars:
Ashenzari
Cheibriados
Dithmenos
Elyvilon
Fedhas
Gozag
Kikubaaqudgha
Makhleb
Nemelex Xobeh
Okawaru
Qazlal
Ru
Sif Muna
Trog
Vehumet
Xom
Yredelemnul
Zin
The Shining One

Annotations:
D:5 Edmund
D:9 exclusion: 2 oklob saplings
Orc:1 Gastronok


Innate Abilities, Weirdness & Mutations

You are resistant to torment.
You are immune to poison.
You can fly continuously.
Your stone body is very resilient (AC +9).
Your wings are large and strong.
You resist negative energy.
You are resistant to electric shocks.
You can survive without breathing.
You are immune to petrification.
You are immune to rotting.
You are agile. (Dex +2)


Message History

Drink which item? (? for menu, Esc to quit)
You feel much better.
Casting: Stone Arrow
Confirm with . or Enter, or press ? or * to list all spells.
Aiming: Lee's Rapid Deconstruction
Press: ? - help, Dir - move target cursor, p - Gastronok The wall shatters!
The blast of rock fragments hits Gastronok.
Gastronok is severely wounded.
You hear a shout! x9
Casting: Lee's Rapid Deconstruction
Confirm with . or Enter, or press ? or * to list all spells.
Aiming: Stone Arrow
Press: ? - help, Shift-Dir - straight line, f - Gastronok
Aim: Gastronok, wearing a runed hat (severely wounded)
The stone arrow hits Gastronok.
Gastronok is almost dead.
Gastronok waves his eye-stalks in wide circles.
The air twists around and violently strikes you in flight!
You die...

##....##.....
...#..[...$..#
...#........# #
.........[..##.##
.#.......<.†....#
.o......w#...#.##
..........#..###
..............#
........@.#....#
.....>...........
...............
............#..
...........$...
..........#..
..#.##..... ...
.... .


You could see Gastronok and an orc.

Vanquished Creatures
  7 hydras
  2 catoblepae
  5 death yaks
  Erolcha (Orc:1)
  A wolf spider (Lair:6)
  2 griffons
  An ugly thing (D:9)
  18 elephants
  11 black mambas
  Psyche (D:8)
  17 spiny frogs
  9 komodo dragons
  2 fire drakes (Lair:6)
  A two-headed ogre (D:7)
  4 wandering mushrooms (D:9)
  A giant leech (Lair:7)
  A polar bear (Lair:2)
  A troll (D:9)
  25 blink frogs
  A boulder beetle (Lair:7)
  5 basilisks
  A wyvern (Lair:8)
  A wraith (D:10)
  7 hippogriffs
  61 yaks
  A hungry ghost (D:7)
  9 vampire mosquitoes
  5 swamp worms (D:9)
  4 wolves
  19 water moccasins
  11 porcupines
  A necrophage (D:9)
  A black bear (D:9)
  An ice beast (D:10)
  An eye of draining (Lair:7)
  2 ogres
  A boring beetle (Lair:7)
  3 orc warriors
  A phantom (D:4)
  2 centaurs
  8 big kobolds (D:9)
  8 crocodiles
  2 brain worms (D:9)
  33 giant frogs
  2 scorpions
  2 electric eels
  A goliath beetle (D:9)
  6 killer bees (D:9)
  3 crimson imps
  5 hounds
  A giant frog zombie (D:9)
  A centaur skeleton (D:6)
  A centaur zombie (D:9)
  2 giant frog skeletons (D:9)
  6 orc priests
  4 jellies
  6 orc wizards
  8 iguanas
  18 sheep
  5 worker ants
  2 hound skeletons
  A worker ant zombie (D:9)
  4 gnolls
  63 river rats
  34 adders
  7 giant mites
  A shadow imp (D:7)
  14 worms
  2 adder zombies
  An adder skeleton (D:7)
  8 giant geckos
  2 oozes
  37 orcs
  A bat skeleton (D:5)
  A bat zombie (D:7)
  5 giant cockroaches
  11 goblins
  16 hobgoblins
  26 kobolds
  9 quokkas
  4 ball pythons
  23 bats
  4 giant newts
  20 jackals
  A jackal skeleton (D:4)
  A jackal zombie (D:9)
  A quokka skeleton (D:4)
  28 rats
  4 ballistomycetes (D:7)
  2 fungi
  A plant (Lair:6)
704 creatures vanquished.

Vanquished Creatures (others)
  A giant frog (Lair:2)
  A hound (Lair:2)
  An adder (Lair:3)
  2 giant spores
  2 ballistomycetes (D:9)
  43 fungi
  19 plants
69 creatures vanquished.

Grand Total: 773 creatures vanquished

Notes
Turn   | Place    | Note
--------------------------------------------------------------
     0 | D:1      | schauveau, the Gargoyle Earth Elementalist, began the quest for the Orb.
     0 | D:1      | Reached XP level 1. HP: 10/10 MP: 3/3
   173 | D:1      | Reached skill level 4 in Earth Magic
   173 | D:1      | Reached XP level 2. HP: 3/15 MP: 0/4
   624 | D:1      | Reached XP level 3. HP: 15/19 MP: 6/6
  1140 | D:2      | Reached XP level 4. HP: 8/24 MP: 1/9
  1145 | D:2      | Learned a level 3 spell: Stone Arrow
  1482 | D:2      | Reached skill level 5 in Earth Magic
  1617 | D:3      | Found a sacrificial altar of Ru.
  1713 | D:4      | Noticed a phantom
  2350 | D:3      | Learned a level 2 spell: Stoneskin
  2455 | D:3      | Reached XP level 5. HP: 28/28 MP: 6/11
  2863 | D:3      | HP: 1/28 [orc priest/nerve-wracking pain (7)]
  3155 | D:3      | Reached skill level 6 in Earth Magic
  3160 | D:3      | Reached XP level 6. HP: 21/32 MP: 5/15
  3996 | D:4      | Killed a phantom
  4022 | D:4      | Found a shattered altar of Ashenzari.
  4064 | D:5      | Entered Level 5 of the Dungeon
  4138 | D:4      | Reached skill level 7 in Earth Magic
  4348 | D:4      | Found an iron altar of Okawaru.
  4357 | D:4      | Found a shadowy altar of Dithmenos.
  4357 | D:4      | Found a bloodstained altar of Trog.
  4594 | D:6      | Reached skill level 1 in Maces & Flails
  4594 | D:6      | Reached XP level 7. HP: 31/37 MP: 16/18
  4643 | D:5      | Reached skill level 1 in Fighting
  5002 | D:5      | Found a radiant altar of Vehumet.
  5060 | D:5      | Became a worshipper of Vehumet
  5131 | D:5      | Found a staircase to the Ecumenical Temple.
  5142 | Temple   | Entered the Ecumenical Temple
  5256 | D:5      | Noticed Edmund
  5343 | D:6      | Reached skill level 5 in Spellcasting
  6056 | D:7      | Reached XP level 8. HP: 41/45 MP: 14/20
  6159 | D:8      | Acquired Vehumet's first power
  6159 | D:8      | Offered knowledge of Flame Tongue by Vehumet.
  6284 | D:7      | Reached skill level 1 in Conjurations
  6284 | D:7      | Reached skill level 8 in Earth Magic
  6536 | D:7      | Noticed a two-headed ogre
  6566 | D:7      | Found a stormy altar of Qazlal.
  6646 | D:7      | Gained mutation: You are agile. (Dex +2) [potion of beneficial mutation]
  6862 | D:7      | Killed a two-headed ogre
  7899 | D:8      | Reached XP level 9. HP: 52/52 MP: 4/22
  8028 | D:8      | Noticed Psyche
  8037 | D:8      | Killed Psyche
  8137 | D:8      | Offered knowledge of Throw Flame by Vehumet.
  8281 | D:8      | Learned a level 2 spell: Throw Flame
  8469 | D:8      | Reached skill level 1 in Transmutations
  8755 | D:9      | Reached skill level 1 in Evocations
  8761 | D:9      | Found a staircase to the Lair.
  8811 | D:9      | Learned a level 5 spell: Lee's Rapid Deconstruction
  8909 | D:10     | Entered Level 10 of the Dungeon
  8987 | D:9      | Noticed a cyan ugly thing
  9010 | D:9      | Reached skill level 1 in Fire Magic
  9232 | D:9      | Learned a level 3 spell: Conjure Flame
  9248 | D:9      | Killed a cyan ugly thing
  9248 | D:9      | Reached skill level 5 in Fighting
  9248 | D:9      | Reached skill level 9 in Earth Magic
  9440 | D:9      | Noticed a wandering mushroom
  9448 | D:9      | Learned a level 4 spell: Sticky Flame
  9458 | D:9      | Killed a wandering mushroom
  9463 | D:9      | Noticed a wandering mushroom
  9464 | D:9      | Found a blossoming altar of Fedhas.
  9464 | D:9      | Noticed a wandering mushroom
  9464 | D:9      | Noticed a wandering mushroom
  9483 | D:9      | Killed a wandering mushroom
  9483 | D:9      | Reached XP level 10. HP: 42/59 MP: 15/24
  9522 | D:9      | Offered knowledge of Mephitic Cloud by Vehumet.
  9652 | D:9      | Reached skill level 5 in Maces & Flails
  9923 | D:9      | Acquired Vehumet's second power
 10018 | D:10     | Noticed a hill giant
 10108 | D:9      | Offered knowledge of Iskenderun's Mystic Blast by Vehumet.
 10309 | D:9      | Reached skill level 5 in Conjurations
 10589 | D:9      | Found a staircase to the Orcish Mines.
 10600 | Orc:1    | Entered Level 1 of the Orcish Mines
 10600 | Orc:1    | Noticed Erolcha
 10750 | D:9      | Killed a wandering mushroom
 11230 | D:9      | Found a deep blue altar of Sif Muna.
 11333 | D:9      | Killed a wandering mushroom
 12021 | Lair:1   | Entered Level 1 of the Lair of Beasts
 12074 | Lair:1   | Reached XP level 11. HP: 55/64 MP: 12/26
 12093 | Lair:1   | Acquired Vehumet's third power
 12390 | Lair:1   | Offered knowledge of Force Lance by Vehumet.
 12683 | Lair:2   | Reached skill level 10 in Earth Magic
 12859 | Lair:2   | Noticed a six-headed hydra
 12873 | Lair:2   | Killed a six-headed hydra
 13509 | Lair:2   | Reached skill level 5 in Fire Magic
 13678 | Lair:2   | Noticed a six-headed hydra
 13690 | Lair:2   | Killed a six-headed hydra
 14153 | Lair:3   | Reached XP level 12. HP: 50/72 MP: 4/28
 14264 | Lair:3   | Reached skill level 5 in Evocations
 14420 | Lair:3   | Noticed a catoblepas
 14441 | Lair:3   | Killed a catoblepas
 14454 | Lair:3   | Learned a level 5 spell: Fireball
 14663 | Lair:4   | Noticed a four-headed hydra
 15065 | Lair:4   | Noticed an eight-headed hydra
 15084 | Lair:4   | Killed an eight-headed hydra
 15097 | Lair:4   | Killed a four-headed hydra
 15319 | Lair:5   | Reached skill level 5 in Dodging
 15343 | Lair:4   | Noticed a five-headed hydra
 15355 | Lair:4   | Killed a five-headed hydra
 15355 | Lair:4   | Reached skill level 11 in Earth Magic
 15537 | Lair:5   | Offered knowledge of Orb of Destruction by Vehumet.
 16207 | Lair:6   | Found a staircase to the Snake Pit.
 16253 | Lair:6   | Reached XP level 13. HP: 55/79 MP: 3/29
 17116 | Lair:6   | Noticed a seven-headed hydra
 17124 | Lair:6   | Killed a seven-headed hydra
 17907 | Lair:5   | Reached skill level 12 in Earth Magic
 18482 | Lair:7   | Found a staircase to the Slime Pits.
 18507 | Lair:7   | Offered knowledge of Iron Shot by Vehumet.
 18517 | Lair:7   | Learned a level 6 spell: Iron Shot
 19742 | Lair:7   | Offered knowledge of Delayed Fireball by Vehumet.
 19884 | Lair:6   | Gained mutation: Your wings are large and strong. [gargoyle growth]
 19884 | Lair:6   | Reached XP level 14. HP: 48/87 MP: 2/31
 20253 | Lair:8   | Entered Level 8 of the Lair of Beasts
 21230 | Lair:7   | Reached skill level 10 in Fighting
 22474 | Lair:7   | Reached skill level 10 in Spellcasting
 23299 | Lair:8   | Offered knowledge of Conjure Ball Lightning by Vehumet.
 23451 | Lair:8   | Reached skill level 13 in Earth Magic
 24143 | Lair:8   | Got a clouded pewter ring
 24156 | Lair:8   | Got a dazzling falchion
 24169 | Lair:8   | Identified the ring "Psablod" {rN+ MP+9 Str+3 Stlth+} (You found it on level 8 of the Lair of Beasts)
 24405 | Orc:1    | Killed Erolcha
 24408 | Orc:1    | Noticed Gastronok
 24598 | Orc:1    | HP: 4/88 [Gastronok/the air (11)]
 24601 | Orc:1    | Killed from afar by Gastronok

Action                   |  1- 3 |  4- 6 |  7- 9 | 10-12 | 13-15 || total
-------------------------+-------+-------+-------+-------+-------++-------
Melee: Unarmed           |    17 |       |       |       |       ||    17
       Club              |    13 |    24 |       |       |       ||    37
       Dagger            |       |   150 |       |       |       ||   150
       Hand axe          |       |    17 |       |     6 |       ||    23
       Flail             |       |     7 |   358 |   320 |    28 ||   713
       Staff             |       |       |       |    70 |       ||    70
       Morningstar       |       |       |       |       |   522 ||   522
 Fire: Hunting sling     |    15 |    32 |       |       |       ||    47
Throw: Stone             |       |     2 |       |     2 |       ||     4
 Cast: Sandblast         |    44 |   161 |    88 |     1 |       ||   294
       Stone Arrow       |       |       |    99 |   173 |   210 ||   482
       Sticky Flame      |       |       |     2 |   111 |   158 ||   271
       Lee's Rapid Decon |       |       |       |     3 |     9 ||    12
       Conjure Flame     |       |       |       |     1 |       ||     1
       Fireball          |       |       |       |     3 |       ||     3
       Iron Shot         |       |       |       |       |    26 ||    26
 Abil: Evoke Berserk Rag |       |       |     1 |       |       ||     1
       Fly               |       |       |       |       |     1 ||     1
Evoke: Wand              |       |       |     3 |     1 |       ||     4
  Use: Scroll            |       |    16 |    13 |     6 |     5 ||    40
       Potion            |       |     2 |     2 |     2 |     5 ||    11
 Stab: Distracted        |       |       |       |     2 |     1 ||     3
  Eat: Chunk             |     1 |    10 |    11 |    11 |    33 ||    66
       Beef jerky        |       |     1 |       |       |     2 ||     3
       Bread ration      |       |       |     2 |     3 |       ||     5
       Pizza             |       |       |     1 |       |     2 ||     3
       Fruit             |       |       |       |     7 |     3 ||    10
       Meat ration       |       |       |       |     1 |     1 ||     2
